 Dungeon Crawl Stone Soup version 0.24.0-35-gdb84b6a5db (webtiles) character file.

Game seed: 9171984834702476936, levelgen mode: deterministic

931 grindst0ne the Ducker (level 7, -8/54 (55) HPs)
             Began as a Vampire Gladiator on Nov 20, 2019.
             Mangled by Menkaure (20 damage)
             ... on level 5 of the Dungeon.
             The game lasted 00:06:52 (3230 turns).

grindst0ne the Ducker (Vampire Gladiator)           Turns: 3230, Time: 00:06:53

HP:   -8/54 (55)    AC: 10    Str: 13    XL:     7   Next: 86%
MP:   7/7           EV: 12    Int: 16    God:
Gold: 113           SH:  0    Dex: 15    Spells: 6/6 levels left

rFire    + . .     SeeInvis +   j - +12 hand axe of the Ten Coins {freeze, Str-2 Int+5}
rCold    . . .     Gourm    .   (no shield)
rNeg     . . .     Faith    .   B - +0 scale mail
rPois    .         Spirit   .   h - +1 helmet
rElec    .         Reflect  .   y - +0 cloak (curse)
rCorr    .         Harm     .   t - +0 pair of gloves
MR       .....                  (no boots)
Stlth    ..........             (no amulet)
HPRegen  0.38/turn              i - ring of protection from fire
MPRegen  0.10/turn              u - ring of see invisible

@: regenerating quickly
A: no food, fangs 3, see invisible, unbreathing
a: Exsanguinate


You were on level 5 of the Dungeon.
You were alive.

You visited 1 branch of the dungeon, and saw 5 of its levels.

You collected 168 gold pieces.
You spent 55 gold pieces at shops.

Inventory:

Hand Weapons
 a - a +0 long sword
 j - the +12 hand axe of the Ten Coins (weapon) {freeze, Str-2 Int+5}
   (You found it on level 5 of the Dungeon)

   It has been specially enchanted to freeze those struck by it, causing extra
   injury to most foes and up to half again as much damage against particularly
   susceptible opponents.
   It can also slow down cold-blooded creatures.
   It affects your strength (-2).
   It affects your intelligence (+5).
Missiles
 d - 3 throwing nets (quivered)
 l - 2 silver javelins
Armour
 b - a +0 leather armour
 h - a +1 helmet (worn)
 t - a +0 pair of gloves (worn)
 y - a cursed +0 cloak (worn)
 B - a +0 scale mail (worn)
 C - a +0 shield
Jewellery
 i - a ring of protection from fire (left hand)
 u - a ring of see invisible (right hand)
Wands
 c - a wand of iceblast (8)
 p - a wand of flame (6)
Scrolls
 e - a scroll of enchant weapon {unknown}
 f - 3 scrolls of remove curse {unknown}
 g - 3 scrolls of amnesia {unknown}
 m - a scroll of magic mapping {unknown}
 q - a scroll of noise {unknown}
 s - a scroll of fear {unknown}
 x - 3 scrolls of identify {unknown}
 z - a scroll of blinking {unknown}
 D - 2 scrolls of fog {unknown}
Potions
 k - a potion of flight {unknown}
 n - a potion of berserk rage {unknown}
 o - a potion of brilliance {unknown}
 r - 2 potions of heal wounds
 v - 2 potions of invisibility {unknown}
 w - a potion of ambrosia {unknown}
 A - a potion of mutation {unknown}


   Skills:
 + Level 4.9 Fighting
 + Level 5.8 Long Blades
 - Level 1.5 Throwing
 + Level 1.1 Armour
 + Level 6.5 Dodging


You had 6 spell levels left.
You didn't know any spells.
Your spell library was empty.

Dungeon Overview and Level Annotations

Branches:
Dungeon (5/15)
 Temple: D:4-7

Altars:
Elyvilon
Wu Jian
Yredelemnul
The Shining One

Shops:
D:4 !*:

Annotations:
D:2 exclusion: downstairs
D:3 Sigmund
D:5 Menkaure


Innate Abilities, Weirdness & Mutations

You do not eat.
Your natural rate of healing is unusually fast.
You have razor-sharp teeth.
You have supernaturally acute eyesight. (SInv)
You can survive without breathing.


Message History

You slash Menkaure! You bite Menkaure.
Menkaure is heavily damaged.
Menkaure closely misses you.
Your scale mail prevents you from hitting Menkaure.
Your bite misses Menkaure.
Menkaure is heavily damaged.
Menkaure casts a spell at you. Pain shoots through your body!
Menkaure hits you!!
You hit Menkaure.
Menkaure is severely damaged.
Menkaure hits you.
You closely miss Menkaure.
Menkaure is severely damaged.
Menkaure casts a spell at you. Pain shoots through your body!
Menkaure hits you!
* * * LOW HITPOINT WARNING * * *
You hit Menkaure. You bite Menkaure, but do no damage.
Menkaure is almost destroyed.
Menkaure hits you but does no damage. Menkaure hits you!!
You die...

######## #......#
#.####.# ##### #.#
#.# #...
##.####.####.#####
.................#
##.#.(..####.###.#
#......# #.# #@#
#..>...#
#....M....#
####.###
##........# #.#
#.##.##..# #.#
#.##.# ..# ##'##
#.##.. .# ##...##
#.# # ##.....##
... ##.......#


You could see Menkaure.

Vanquished Creatures
  A water moccasin (D:5)
  A necrophage (D:5)
  An ogre (D:4)
  Blork the orc (D:5)
  A scorpion (D:5)
  A jelly (D:5)
  Jessica (D:2)
  2 iguanas (D:4)
  3 orc wizards
  Natasha (thrice) (D:2)
  3 worker ants
  A worker ant zombie (D:5)
  Robin (D:4)
  4 adders
  6 gnolls (D:4)
  4 worms
  A dart slug (D:1)
  2 leopard geckos (D:2)
  9 orcs
  5 bats
  2 giant cockroaches
  10 goblins
  12 hobgoblins
  3 frilled lizards
  7 kobolds
  A leopard gecko zombie (D:5)
  A quokka zombie (D:5)
  8 rats
95 creatures vanquished.

Notes
Turn   | Place    | Note
-------+----------+-------------------------------------------
     0 | D:1      | grindst0ne the Vampire Gladiator began the quest for the
                  | Orb.
     0 | D:1      | Reached XP level 1. HP: 16/16 MP: 1/1
   144 | D:1      | Reached XP level 2. HP: 22/22 MP: 2/2
   658 | D:2      | Reached XP level 3. HP: 24/28 MP: 3/3
   836 | D:2      | Reached skill level 4 in Dodging
   893 | D:2      | Noticed Natasha
   900 | D:2      | Killed Natasha
   900 | D:2      | Reached XP level 4. HP: 21/34 MP: 4/4
   982 | D:2      | Noticed Natasha
  1001 | D:2      | Killed Natasha
  1087 | D:2      | Noticed Jessica
  1095 | D:2      | Killed Jessica
  1102 | D:2      | Reached XP level 5. HP: 21/41 MP: 5/5
  1297 | D:2      | Noticed Natasha
  1304 | D:2      | Killed Natasha
  1466 | D:3      | Noticed Sigmund
  1574 | D:3      | Noticed a hippogriff
  1608 | D:4      | Found Beggis's Book Boutique.
  1675 | D:4      | Found a glowing golden altar of the Shining One.
  1678 | D:4      | Found a basalt altar of Yredelemnul.
  1679 | D:4      | Found an ornate altar of the Wu Jian Council.
  1679 | D:4      | Found a white marble altar of Elyvilon.
  1755 | D:4      | Reached skill level 5 in Dodging
  1755 | D:4      | Reached XP level 6. HP: 38/47 MP: 6/6
  2169 | D:4      | Found Woerabb's Assorted Antiques.
  2224 | D:4      | Noticed Robin
  2231 | D:4      | Found Jeselurhin's Distillery.
  2273 | D:4      | Killed Robin
  2273 | D:4      | Reached skill level 5 in Long Blades
  2389 | D:4      | Bought a potion of heal wounds for 55 gold pieces
  2551 | D:5      | Entered Level 5 of the Dungeon
  2558 | D:5      | Reached XP level 7. HP: 35/54 MP: 7/7
  2603 | D:5      | Reached skill level 6 in Dodging
  2850 | D:5      | Got a smoking hand axe
  2853 | D:5      | Identified the +12 hand axe of the Ten Coins {freeze, Str-2
                  | Int+5} (You found it on level 5 of the Dungeon)
  3043 | D:5      | Noticed Blork the orc
  3048 | D:5      | Killed Blork the orc
  3077 | D:5      | Reached skill level 1 in Armour
  3223 | D:5      | Noticed Menkaure
  3230 | D:5      | Mangled by Menkaure

Levels and vault maps discovered:
D:1:      minmay_arrival_up_and_down, layout_basic, hangedman_decor_push
D:2:      layout_loops_ring, uniq_jessica, uniq_natasha
D:3:      minmay_bubble_buster, layout_rooms, uniq_terence, uniq_sigmund
D:4:      layout_gridville, grunt_temple_overflow_open, serial_shops, shop,
          shop_fountains, nicolae_shop_behind_doors, kennysheep_cross_room,
          minmay_fractal_squares_gapless_5, uniq_robin
D:5:      black_bear_nest_1, layout_loops_corners, first_ration, uniq_menkaure,
          uniq_blork_the_orc

Skill      XL: |  1  2  3  4  5  6  7 |
---------------+----------------------+-----
Fighting       | 2 3 4 |  4.9
Dodging        | 4 5 6 |  6.5
Long Blades    | 4 5 |  5.8
Armour         | 1 |  1.1
Throwing       | |  1.5

Action                   |  1- 3 |  4- 6 |  7- 9 || total
-------------------------+-------+-------+-------++-------
Melee: Long sword        |    67 |   191 |    17 ||   275
       Bite              |     6 |    36 |     9 ||    51
       Hand axe          |       |       |    47 ||    47
  Use: Potion            |       |     2 |       ||     2
 Stab: Sleeping          |     1 |     1 |       ||     2
Armor: Leather armour    |     9 |    38 |     5 ||    52
       Scale mail        |       |       |    12 ||    12
Dodge: Dodged            |    45 |   165 |    44 ||   254
       Rpst.: Long sword |    14 |    47 |     6 ||    67
